 Dungeon Crawl Stone Soup version 0.31.0-11-ge490571c62 (webtiles) character file.

Game seed: 134343985489099222

110 qw the Skirmisher (level 4, -7/25 HPs)
             Began as a Deep Elf Hunter on Feb 4, 2024.
             Mangled by Sigmund
             ... wielding a +0 scythe
              (11 damage)
             ... on level 2 of the Dungeon.
             The game lasted 00:00:40 (1006 turns).

qw the Skirmisher (Deep Elf Hunter)                 Turns: 1006, Time: 00:00:41

Health: -7/25      AC:  3    Str: 10    XL:     4   Next: 61%
Magic:  6/6        EV: 12    Int: 14    God:
Gold:   129        SH:  0    Dex: 18    Spells: 3/3 levels left

rFire   . . .        a - +1 shortbow
rCold   . . .        (shield currently unavailable)
rNeg    . . .        c - +0 leather armour
rPois   .            (no helmet)
rElec   .            (no cloak)
rCorr   .            (no gloves)
SInv    .            (no boots)
Will    .....        (no amulet)
Stlth   ++           (no ring)
HPRegen 0.24/turn    (no ring)
MPRegen 0.10/turn

%: no passive effects
@: no status effects
A: no striking features
a: no special abilities


You were on level 2 of the Dungeon.
You visited 1 branch of the dungeon, and saw 2 of its levels.

You collected 129 gold pieces.


   Skills:
 - Level 1.5 Fighting
 + Level 8.0 Ranged Weapons
 - Level 2.4 Dodging
 - Level 1.2 Stealth


You had 3 spell levels left.
You didn't know any spells.
Your spell library was empty.

Inventory:

Hand Weapons
 a - a +1 shortbow (weapon)
Armour
 c - a +0 leather armour (worn)
Scrolls
 b - a scroll of identify {unknown}
 d - a scroll of poison {unknown}
Potions
 e - a potion of lignification {unknown}
 f - 2 potions of attraction {unknown}
 i - a potion of mutation {unknown}

Dungeon Overview and Level Annotations

Branches:
Dungeon (2/15)

Altars:

Annotations:
D:2 Sigmund


Message History

You see here a +0 rapier.
A hobgoblin is nearby!
You shoot an arrow. The arrow hits the hobgoblin!
You kill the hobgoblin!
You see here 2 javelins.
A ribbon worm comes into view.
Found a black potion.
You shoot an arrow. The arrow hits the ribbon worm.
The ribbon worm is lightly wounded.
You shoot an arrow. The arrow hits the ribbon worm.
The ribbon worm is moderately wounded.
The ribbon worm expels a string of sticky webbing.
The stream of webbing hits you but does no damage.
You are caught in a web!
There is a web here.
You struggle to detach yourself from the web.
Sigmund the Dreaded comes into view.
He is wielding a +0 scythe.
The web tears apart.
You shoot an arrow. The arrow hits the ribbon worm!
The ribbon worm is heavily wounded.
Sigmund casts a spell.
Sigmund flickers and vanishes!
Deactivating autopickup; reactivate with Ctrl-A.
You shoot an arrow. The arrow hits the ribbon worm!
The ribbon worm is almost dead.
The ribbon worm bites you.
You shoot an arrow.
The arrow barely misses the ribbon worm.
Something hits you!
The ribbon worm expels a string of sticky webbing.
The stream of webbing hits you but does no damage.
You are caught in a web!
You struggle to detach yourself from the web.
Something hits you.
The web tears apart.
The ribbon worm misses you.
You shoot an arrow. The arrow hits the ribbon worm!
You kill the ribbon worm!
Something hits you!
You die...

#######.....##.#
.........##..#.#
.........###.#.#
...............##
..........##....#
..........#####.##
# #'#.......# #..#
... #.#.......#
##.##.....
#.........#
#@%....!.
###.......#
#.........
###%......#
#.........
..........#
#......##.
..........#
#........
...)......#
#.....##..
..........#
#.....# ..
..........#
#.....#
..........#


There were no monsters in sight!

Vanquished Creatures
  4 gnolls (D:2)
  2 adders (D:2)
  A ribbon worm (D:2)
  An orc (D:2)
  6 bats
  7 endoplasms
  4 goblins
  6 hobgoblins
  4 jackals (D:1)
  2 kobolds
  4 quokkas
  3 ball pythons
  2 rats (D:2)
46 creatures vanquished.

Notes
Turn   | Place    | Note
-------+----------+-------------------------------------------
     0 | D:1      | qw the Deep Elf Hunter began the quest for the Orb.
     0 | D:1      | Reached XP level 1. HP: 12/12 MP: 3/3
     0 | D:1      | 0 ||| qw: Version: 0.3-a-160-g6735b56
     0 | D:1      | 0 ||| qw: Game counter: 6009
     0 | D:1      | 0 ||| qw: Melee chars always use a shield: true
     0 | D:1      | 0 ||| qw: God list: Okawaru
     0 | D:1      | 0 ||| qw: Allow faded altars: false
     0 | D:1      | 0 ||| qw: Do Orc after clearing Dungeon:15 true
     0 | D:1      | 0 ||| qw: Do second Lair branch before Depths: true
     0 | D:1      | 0 ||| qw: Lair rune preference: random
     0 | D:1      | 0 ||| qw: Goals: Normal
     0 | D:1      | 0 ||| PLANNING D:1-11
   165 | D:1      | Found a faded altar of an unknown god.
   170 | D:1      | Reached skill level 6 in Ranged Weapons
   170 | D:1      | Reached XP level 2. HP: 16/16 MP: 4/4
   567 | D:1      | 567 ||| READING scroll labelled HUISIE TACILAE.
   568 | D:1      | 568 ||| READING scroll labelled ENOELI LUQEC.
   571 | D:1      | 571 ||| READING scroll labelled BAUBOTU AMUFF.
   571 | D:1      | 571 ||| ENCHANTING +0 shortbow.
   572 | D:1      | 572 ||| DROPPING scroll of butterflies.
   603 | D:2      | Reached XP level 3. HP: 20/20 MP: 5/5
   675 | D:2      | Reached skill level 7 in Ranged Weapons
   735 | D:2      | 735 ||| FLEEEEING.
   736 | D:2      | 736 ||| FLEEEEING.
   737 | D:2      | 737 ||| FLEEEEING.
   738 | D:2      | 738 ||| FLEEEEING.
   741 | D:2      | 741 ||| FLEEEEING.
   743 | D:2      | 743 ||| FLEEEEING.
   744 | D:2      | 744 ||| FLEEEEING.
   745 | D:2      | 745 ||| FLEEEEING.
   746 | D:2      | 746 ||| FLEEEEING.
   747 | D:2      | 747 ||| FLEEEEING.
   748 | D:2      | 748 ||| FLEEEEING.
   749 | D:2      | 749 ||| FLEEEEING.
   750 | D:2      | 750 ||| FLEEEEING.
   751 | D:2      | 751 ||| FLEEEEING.
   752 | D:2      | 752 ||| FLEEEEING.
   753 | D:2      | 753 ||| FLEEEEING.
   754 | D:2      | 754 ||| FLEEEEING.
   755 | D:2      | 755 ||| FLEEEEING.
   756 | D:2      | 756 ||| FLEEEEING.
   757 | D:2      | 757 ||| FLEEEEING.
   758 | D:2      | 758 ||| FLEEEEING.
   759 | D:2      | 759 ||| FLEEEEING.
   767 | D:2      | Reached XP level 4. HP: 19/25 MP: 6/6
   930 | D:2      | Reached skill level 8 in Ranged Weapons
   999 | D:2      | Noticed Sigmund
  1004 | D:2      | HP: 4/25 [something (5)]
  1006 | D:2      | Mangled by Sigmund

Levels and vault maps discovered:
D:1:      grunt_arrival_crossed_arrows, layout_basic,
          hellmonk_ecumenical_altar_lost_god
D:2:      layout_basic, minmay_divided_ellipse, uniq_sigmund

Skill      XL: |  1  2  3  4 |
---------------+-------------+-----
Ranged Weapons | 6 7 8 |  8.0
Fighting       | |  1.5
Dodging        | |  2.4
Stealth        | |  1.2

Action                     |  1- 3 |  4- 6 || total
---------------------------+-------+-------++-------
   Fire: Shortbow          |    76 |    39 ||   115
    Use: Scroll            |     3 |       ||     3
 Armour: Leather armour    |     9 |     9 ||    18
  Dodge: Dodged            |    18 |     7 ||    25

Table legend:
 A = Non-vault XP
 B = Vault XP
 C = Vault XP percentage of total XP
 D = Non-vault monster count
 E = Vault monster count
 F = Vault count percentage of total count
                 A         B        C        D         E       F
            +---------+---------+-------+---------+---------+-------
      Total |     141 |      22 |  13.5 |      35 |      11 |  23.9
            +---------+---------+-------+---------+---------+-------
        D:1 |      34 |       0 |   0.0 |      18 |       0 |   0.0
        D:2 |     107 |      22 |  17.1 |      17 |      11 |  39.3
            +---------+---------+-------+---------+---------+-------
